 Dungeon Crawl Stone Soup version 0.30.0-29-ga12c61a403 (webtiles) character file.

Game seed: 12813598252515126275

1577 Heoruswealwe the Thaumaturge (level 8, -1/41 HPs)
             Began as a Deep Elf Earth Elementalist on June 1, 2023.
             Was an Initiate of Vehumet.
             Shot with a sling bullet by Joseph (11 damage)
             ... on level 7 of the Dungeon on June 4, 2023.
             The game lasted 00:51:37 (5503 turns).

Heoruswealwe the Thaumaturge (DEEE)                 Turns: 5503, Time: 00:51:40

Health: -1/41      AC:  3    Str:  5    XL:     8   Next: 60%
Magic:  24/24      EV: 12    Int: 23    God:    Vehumet [......]
Gold:   161        SH:  0    Dex: 15    Spells: 11/27 levels left

rFire   + . .        b - +3 dagger
rCold   . . .        (no shield)
rNeg    . . .        c - +0 robe
rPois   .            (no helmet)
rElec   .            h - scarf {+Inv}
rCorr   .            f - +0 pair of gloves
SInv    .            (no boots)
Will    .....        i - amulet of magic regeneration
Stlth   ++           k - ring of protection from fire
HPRegen 0.26/turn    (no ring)
MPRegen 0.59/turn

%: no passive effects
@: no status effects
A: no striking features
a: Renounce Religion, Evoke Invisibility


You were on level 7 of the Dungeon.
You worshipped Vehumet.
Vehumet was noncommittal.
You visited 2 branches of the dungeon, and saw 8 of its levels.

You collected 266 gold pieces.
You spent 105 gold pieces at shops.

Inventory:

Hand Weapons
 b - a +3 dagger (weapon)
 r - a +0 war axe
 y - the +5 sling of the Apocalypse {elec, rPois Str+2 Int+4}
   (You found it on level 3 of the Dungeon)

   Str:       It affects your strength (+2).
   Int:       It affects your intelligence (+4).
   rPois:     It protects you from poison.
Armour
 c - a +0 robe (worn)
 f - a +0 pair of gloves (worn)
 h - a scarf of invisibility (worn)
 n - a scarf of resistance
 C - a +0 robe
 D - a +0 robe
 F - a +0 robe
 O - a +0 robe
 R - a +0 robe
 S - a +0 robe
Magical Staves
 l - a staff of air
Jewellery
 i - an amulet of magic regeneration (around neck)
 k - a ring of protection from fire (left hand)
Wands
 w - a wand of acid (4)
 A - a wand of paralysis (5)
 M - a wand of flame (8)
 Q - a wand of iceblast (12)
Scrolls
 a - 3 scrolls of vulnerability {unknown}
 d - a scroll of butterflies {unknown}
 g - a scroll of fear {unknown}
 o - a scroll of blinking {unknown}
 s - 3 scrolls of magic mapping {unknown}
 u - a scroll of amnesia {unknown}
 v - 3 scrolls of teleportation {unknown}
 x - a scroll of enchant weapon {unknown}
 z - 2 scrolls of enchant armour {unknown}
 B - a scroll of immolation {unknown}
 I - a scroll of noise {unknown}
 K - 2 scrolls of identify {unknown}
Potions
 e - 3 potions of curing
 j - a potion of invisibility {unknown}
 m - 4 potions of flight
 p - 2 potions of magic
 q - 2 potions of degeneration {unknown}
 t - a potion of brilliance {unknown}
 E - a potion of cancellation {unknown}
 G - 2 potions of lignification {unknown}
 H - a potion of resistance {unknown}
 J - a potion of mutation {unknown}
 L - 2 potions of haste {unknown}
 N - a potion of attraction {unknown}
 P - 2 potions of heal wounds {unknown}


   Skills:
 - Level 2.4 Dodging
 - Level 2.4 Stealth
 + Level 10.4 Spellcasting
 - Level 1.1 Transmutations
 + Level 9.1 Earth Magic


You had 11 spell levels left.
You knew the following spells:

 Your Spells              Type           Power      Damage    Failure   Level
a - Sandblast             Erth           100%       2d20      1%          1
b - Stone Arrow           Conj/Erth      66%        3d11      2%          3
c - Petrify               Tmut/Erth      35%        N/A       7%          4
d - Statue Form           Tmut/Erth      23%        N/A       71%         6
z - Passwall              Tmut/Erth      29%        N/A       1%          2

Your spell library contained the following spells:

 Spells                   Type           Power      Damage    Failure   Level
 Cigotuvi's Dreadful Rot  Necr/Pois/Air  24%        N/A       9%          2
 Dazzling Flash           Conj/Hex       24%        N/A       16%         3
 Portal Projectile        Hex/Tloc       24%        N/A       16%         3
 Swiftness                Air            12%        N/A       16%         3
 Tukima's Dance           Hex            12%        N/A       16%         3
 Cause Fear               Hex            6%         N/A       47%         4
 Blade Hands              Tmut           8%         N/A       67%         5
 Arcjolt                  Conj/Air       6%         1d16      83%         5
 Metabolic Englaciation   Hex/Ice        6%         N/A       83%         5


Dungeon Overview and Level Annotations

Branches:
Dungeon (7/15)             Temple (1/1) D:5

Altars:
Cheibriados
Dithmenos
Elyvilon
Fedhas
Gozag
Hepliaklqana
Kikubaaqudgha
Makhleb
Nemelex Xobeh
Okawaru
Ru
Sif Muna
Uskayaw
Vehumet
Wu Jian
Xom
Zin
The Shining One

Shops:
D:1 *(:!(   D:4 (   D:6 (

Annotations:
D:7 Joseph, Menkaure


Message History

Vehumet accepts your kill.
Joseph shoots a sling bullet.
The sling bullet hits you!!
* * * LOW HITPOINT WARNING * * *
Something shouts, "Crawl home, thou froward limp-willed lout!"
You feel better.
Menkaure points at you and mumbles some strange words.
Pain shoots through your body!
* * * LOW HITPOINT WARNING * * *
Joseph shoots a sling bullet.
The sling bullet barely misses you.
You feel better.
You are too injured to fight recklessly!
Casting: Sandblast (safe; 1% risk of failure)
Confirm with . or Enter, or press ? or * to list all spells.
Aiming: Sandblast (safe; 1% risk of failure)
Press: ? - help, Shift-Dir - straight line, f - Menkaure
Aim: Menkaure (93% to hit)
The blast of sand hits Menkaure!
Menkaure is heavily damaged.
Casting: Sandblast (safe; 1% risk of failure)
Confirm with . or Enter, or press ? or * to list all spells.
Aiming: Sandblast (safe; 1% risk of failure)
Press: ? - help, Shift-Dir - straight line, f/p - Menkaure
Aim: Menkaure (heavily damaged, 93% to hit)
The blast of sand hits Menkaure!
Menkaure is severely damaged.
A wight comes into view. It is wielding a +0 battleaxe.
Menkaure casts a spell at you. Pain shoots through your body!
* * * LOW HITPOINT WARNING * * *
Found a potion of flight.
Casting: Sandblast (safe; 1% risk of failure)
Confirm with . or Enter, or press ? or * to list all spells.
Aiming: Sandblast (safe; 1% risk of failure)
Press: ? - help, Shift-Dir - straight line, f - wight
Aim: a wight, wielding a +4 dagger and wearing a +0 robe (85% to hit)
The blast of sand hits the wight!!
You destroy the wight!
Vehumet accepts your kill.
Joseph shoots a sling bullet.
The sling bullet hits you!
You die...

#....!.......
........... #.........
#........ . ...
....... ###. .$..
#.... ...##.... #..#
........$
#.@#####........
##..).##........
########.#@.#........
##..#.#####...z...z...
#.....#.###...#.......
##...........###......
#............# ......
#####..###.##.....##(
#..##...###...#


You could see Joseph and a wight.

Vanquished Creatures
  Sigmund (D:2)
  A sky beast (D:6)
  An ogre (D:5)
  The ghost of onwiheg the Trooper, an amateur GrFi (D:4)
  2 phantoms
  2 bullfrogs (D:6)
  A scorpion (D:5)
  A gnoll sergeant (D:5)
  A wight (D:7)
  A hound (D:4)
  4 jellies
  4 orc priests
  A sleepcap (D:4)
  5 iguanas
  6 orc wizards
  8 gnolls
  3 adders
  A shadow imp (D:7)
  A worm (D:4)
  2 dart slugs
  16 orcs
  4 ball pythons
  6 bats
  6 endoplasms
  5 goblins
  3 hobgoblins
  7 kobolds
  2 quokkas
  3 frilled lizards
  3 rats (D:1)
102 creatures vanquished.

Notes
Turn   | Place    | Note
-------+----------+-------------------------------------------
     0 | D:1      | Heoruswealwe the Deep Elf Earth Elementalist began the
                  | quest for the Orb.
     0 | D:1      | Reached XP level 1. HP: 10/10 MP: 6/6
    67 | D:1      | Found Higros's Weapon Emporium.
   206 | D:1      | Reached XP level 2. HP: 15/15 MP: 4/8
   209 | D:1      | Learned a level 2 spell: Passwall
   241 | D:1      | Got the Omnibus of Overcast Glamour
   279 | D:1      | Found Viutauly's Book Boutique.
   454 | D:1      | Found a faded altar of an unknown god.
   558 | D:1      | Found Waram's Assorted Antiques.
   585 | D:1      | Found Sofriec's Distillery.
   620 | D:1      | Bought a potion of flight for 30 gold pieces
   647 | D:1      | Found Rizaig's Weapon Emporium.
   843 | D:1      | Found a burning altar of Makhleb.
   883 | D:2      | Noticed Sigmund
   887 | D:2      | Killed Sigmund
   888 | D:2      | Reached skill level 5 in Spellcasting
   888 | D:2      | Reached skill level 5 in Earth Magic
   888 | D:2      | Reached XP level 3. HP: 12/19 MP: 8/12
   888 | D:2      | Reached XP level 4. HP: 15/24 MP: 8/13
   888 | D:2      | Reached XP level 5. HP: 17/28 MP: 9/15
  1615 | D:1      | Bought a scroll labelled RISHRA BAOSHAE for 26 gold pieces
  1615 | D:1      | Bought a fuming cyan potion for 23 gold pieces
  1615 | D:1      | Bought a scroll labelled HIALOSS QICH for 26 gold pieces
  1905 | D:3      | Reached skill level 6 in Spellcasting
  2054 | D:3      | Upgraded the game from 0.30.0-19-g36f170ea60 to
                  | 0.30.0-29-ga12c61a403
  2172 | D:3      | Identified the +5 sling of the Apocalypse {elec, rPois
                  | Str+2 Int+4}
  2225 | D:3      | Reached XP level 6. HP: 28/32 MP: 15/17
  2254 | D:3      | Learned a level 3 spell: Stone Arrow
  2259 | D:3      | Learned a level 4 spell: Petrify
  2459 | D:4      | Reached skill level 7 in Spellcasting
  2667 | D:4      | Found a runed translucent door.
  2667 | D:4      | Noticed onwiheg's ghost (amateur GrFi)
  2668 | D:4      | Found Wolahev's Antique Weapon Shop.
  2683 | D:4      | Killed onwiheg's ghost
  2684 | D:4      | Reached XP level 7. HP: 12/36 MP: 8/20
  2688 | D:4      | Found a runed translucent door.
  2711 | D:4      | Found a white marble altar of Elyvilon.
  3208 | D:4      | Reached skill level 8 in Spellcasting
  3360 | D:5      | Entered Level 5 of the Dungeon
  3852 | D:5      | Found a staircase to the Ecumenical Temple.
  3899 | Temple   | Entered the Ecumenical Temple
  3905 | Temple   | Became a worshipper of Vehumet
  4188 | D:5      | Found a hazy altar of Hepliaklqana.
  4189 | D:5      | Found a shimmering altar of Xom.
  4190 | D:5      | Noticed a spectral ugly thing
  4190 | D:5      | Noticed a will-o-the-wisp
  4275 | D:5      | Learned a level 6 spell: Statue Form
  4434 | D:5      | Reached skill level 9 in Spellcasting
  4461 | D:5      | Reached XP level 8. HP: 32/41 MP: 21/23
  4818 | D:6      | Reached skill level 10 in Spellcasting
  5150 | D:6      | Found Xibokky's Antique Weapon Shoppe.
  5464 | D:7      | Found an iron altar of Okawaru.
  5490 | D:7      | Noticed Menkaure
  5491 | D:7      | Noticed Joseph
  5503 | D:7      | Shot with a sling bullet by Joseph

Illustrated notes

Levels and vault maps discovered:
D:1:      dpeg_arrival_lava_altar, layout_basic, serial_shops, shop,
          nicolae_book_shop_shelving, shop, nicolae_shop_real_fake_doors,
          nicolae_shop_bloodbath_and_beyond, shapermc_ecumenical_altar_ellora
D:2:      layout_basic, dk_noncrumbling_4, uniq_sigmund
D:3:      layout_rooms, serial_park_tiny_1
D:4:      layout_layer_cave, mainiacjoe_overflow_six_doors_small, serial_shops,
          shop_statue, ebering_ghost_sewer_f
D:5:      layout_loops_corners, regret_index_temple_of_mockery,
          minmay_temple_entry_grid
D:6:      layout_cave_pods, serial_shops, shop
D:7:      layout_cave_pools, lemuel_round_altar, mainiacjoe_overflow_swirl,
          enter_bailey_3, minmay_manual_macuahuitl, uniq_prince_ribbit1,
          uniq_menkaure, uniq_joseph
Temple:   nicolae_temple_bog_church

Skill      XL: |  1  2  3  4  5  6  7  8 |
---------------+-------------------------+-----
Spellcasting   | 5 6 7 9 10 | 10.4
Earth Magic    | 5 6 7 9 |  9.1
Dodging        | |  2.4
Stealth        | |  2.4
Transmutations | |  1.1

Action                     |  1- 3 |  4- 6 |  7- 9 || total
---------------------------+-------+-------+-------++-------
  Melee: Unarmed           |    17 |       |       ||    17
         War axe           |       |   248 |       ||   248
         Dagger            |       |    14 |       ||    14
         Punch             |       |     4 |       ||     4
   Cast: Sandblast         |    19 |    56 |    88 ||   163
         Passwall          |     2 |       |       ||     2
         Stone Arrow       |       |     3 |       ||     3
    Use: Potion            |     1 |     3 |     2 ||     6
 Armour: Robe              |       |     8 |     5 ||    13
  Dodge: Dodged            |     2 |    17 |    22 ||    41
